 Dungeon Crawl Stone Soup version 0.17.0-24-gcfadda4 (console) character file.

4971 Kloppie the Fighter (level 10, -8/96 HPs)
             Began as a Minotaur Fighter on Nov 17, 2015.
             Was a High Priest of Makhleb.
             Mangled by a hill giant
             ... wielding a +0 giant club
              (26 damage)
             ... on level 9 of the Dungeon.
             The game lasted 00:12:37 (7994 turns).

Kloppie the Fighter (Minotaur Fighter)              Turns: 7994, Time: 00:12:38

Health: -8/96      AC: 20    Str: 22    XL:     10   Next: 28%
Magic:  9/9        EV:  4    Int:  5    God:    Makhleb [*****.]
Gold:   352        SH:  9    Dex: 12    Spells: 0 memorised, 9 levels left

rFire  . . .     SeeInvis .     a - +0 war axe
rCold  + . .     Clarity  .     B - +0 plate armour
rNeg   + . .     SustAt   .     c - +0 shield
rPois  .         Gourm    .     (helmet restricted)
rElec  .         Spirit   .     C - +0 cloak
rCorr  .         Warding  +     I - +2 pair of gloves
rMut   .         Stasis   .     P - +0 pair of boots
MR     .....                    n - amulet of warding
Stlth  ..........               (no ring)
                                m - ring of protection from cold

@: not resistant to hostile enchantments, extremely unstealthy
A: retaliatory headbutt, horns 2
a: Minor Destruction, Lesser Servant of Makhleb, Major Destruction, Greater
Servant of Makhleb, Renounce Religion


You were on level 9 of the Dungeon.
You worshipped Makhleb.
Makhleb was extremely pleased with you.
You were not hungry.

You visited 1 branch of the dungeon, and saw 9 of its levels.

You collected 352 gold pieces.

Inventory:

Hand Weapons
 a - a +0 war axe (weapon)
 b - a +0 blowgun
Missiles
 y - 3 curare-tipped needles
 A - 3 poisoned needles
Armour
 c - a +0 shield (worn)
 B - a +0 plate armour (worn)
 C - a +0 cloak (worn)
 I - a +2 pair of gloves (worn)
 P - a +0 pair of boots (worn)
Jewellery
 m - a ring of protection from cold (left hand)
 n - an amulet of warding (around neck)
 p - an uncursed amulet of resist mutation
 L - an uncursed amulet of the gourmand
Wands
 E - a wand of digging (17)
 G - a wand of magic darts (33)
Scrolls
 g - a scroll of enchant weapon {unknown}
 j - a scroll of fog
 k - 6 scrolls of remove curse
 l - 4 scrolls of identify {unknown}
 t - 2 scrolls of amnesia {unknown}
 w - a scroll of immolation {unknown}
 z - 2 scrolls of magic mapping {unknown}
 D - a scroll of teleportation
 F - a scroll of blinking {unknown}
 H - a scroll of enchant armour {unknown}
 J - a scroll of torment {unknown}
 N - a scroll of noise {unknown}
Potions
 d - a potion of might
 h - a potion of agility {unknown}
 i - a potion of flight
 q - 3 potions of curing {unknown}
 r - a potion of lignification {unknown}
 s - 2 potions of poison {unknown}
 u - a potion of brilliance {unknown}
 x - a potion of berserk rage {unknown}
Books
 K - a book of Geomancy

   Spells                             Type                      Level
   a - Sandblast                      Earth                        1
   b - Stoneskin                      Transmutation/Earth          2
   c - Passwall                       Transmutation/Earth          3
   d - Stone Arrow                    Conjuration/Earth            3
   e - Petrify                        Transmutation/Earth          4
   f - Lee's Rapid Deconstruction     Earth                        5
Comestibles
 e - 8 bread rations
 f - a meat ration
 v - 3 fruits
 M - 8 slices of pizza


   Skills:
 + Level 11.6 Fighting
 + Level 11.2 Axes
 + Level 9.6 Armour
 - Level 3.6 Shields


You had 9 spell levels left.
You didn't know any spells.

Dungeon Overview and Level Annotations

Branches:
Dungeon (9/15)             Temple (0/1) D:4
   Lair: D:8-11         Orc: D:9-12

Altars:
Ashenzari
Dithmenos
Fedhas
Gozag
Kikubaaqudgha
Makhleb
Okawaru
Vehumet
Xom
The Shining One

Annotations:
D:8 exclusion: ice statue


Innate Abilities, Weirdness & Mutations

You reflexively headbutt those who attack you in melee.
You have a pair of horns on your head.


Message History

The hill giant hits you with a giant club!!
You slash the hill giant!
The hill giant is moderately wounded.
You barely miss the hill giant. You headbutt the hill giant!
The hill giant is moderately wounded.
The hill giant hits you with a giant club!
You hit the hill giant but do no damage.
You headbutt the hill giant.
The hill giant is heavily wounded.
The hill giant hits you with a giant club!
* * * LOW HITPOINT WARNING * * *
All of the chunks of flesh in your inventory have rotted away.
You slash the hill giant! You headbutt the hill giant!
The hill giant is severely wounded.
The hill giant hits you with a giant club!!
* * * LOW HITPOINT WARNING * * *
You hit the hill giant.
The hill giant is almost dead.
The hill giant hits you with a giant club!!
You die...

....'...##########..#
#####...............#
....................#
...†....##'##.......#
........#...#.......#
........#...#.....###
........#...#.....#
........#...#.....####
........#...#...@....#
#######.#...#...C....#
#...#........#
#......$.# ..........#
.......##### .#####..#
#..#


You could see a hill giant.

Vanquished Creatures
  Erica (D:8)
  Prince Ribbit (D:8)
  A hungry ghost (D:7)
  A hippogriff (D:7)
  A necrophage (D:6)
  3 ice beasts
  An orc warrior (D:8)
  A sky beast (D:5)
  A phantom (D:7)
  An eye of draining (D:8)
  A wasp (D:7)
  7 ogres
  A centaur (D:6)
  3 giant frogs
  A big kobold (D:8)
  A gnoll sergeant (D:7)
  5 killer bees
  7 scorpions
  5 wights (D:7)
  A giant frog zombie (D:6)
  A crimson imp (D:7)
  3 orc priests
  2 jellies
  2 centaur skeletons
  A giant frog skeleton (D:7)
  4 iguanas
  5 worker ants
  2 hounds
  8 orc wizards
  2 hound zombies (D:5)
  3 hound skeletons
  13 gnolls
  A worker ant zombie (D:6)
  10 adders
  An ooze (D:3)
  3 worms (D:3)
  4 giant geckos
  20 orcs
  3 ball pythons
  8 bats
  5 giant cockroaches
  7 goblins
  7 hobgoblins
  16 jackals
  11 kobolds
  5 giant newts
  3 rats
194 creatures vanquished.

Notes
Turn   | Place    | Note
--------------------------------------------------------------
     0 | D:1      | Kloppie the Minotaur Fighter began the quest for the Orb.
     0 | D:1      | Reached XP level 1. HP: 19/19 MP: 0/0
   137 | D:1      | Found a glowing golden altar of the Shining One.
   251 | D:1      | Reached XP level 2. HP: 27/27 MP: 1/1
   279 | D:1      | Reached skill level 4 in Fighting
  1005 | D:2      | Reached XP level 3. HP: 32/34 MP: 2/2
  1715 | D:3      | Reached XP level 4. HP: 31/41 MP: 3/3
  1745 | D:3      | Reached skill level 5 in Fighting
  2031 | D:3      | Found a radiant altar of Vehumet.
  2035 | D:3      | Found a burning altar of Makhleb.
  2037 | D:3      | Found an opulent altar of Gozag.
  2038 | D:3      | Found a shadowy altar of Dithmenos.
  2043 | D:3      | Became a worshipper of Makhleb the Destroyer
  2283 | D:3      | Reached * piety under Makhleb
  2298 | D:3      | Reached XP level 5. HP: 42/50 MP: 4/4
  2331 | D:3      | Reached skill level 5 in Axes
  2727 | D:4      | Noticed an ogre
  2737 | D:4      | Killed an ogre
  2737 | D:4      | Reached skill level 6 in Fighting
  2737 | D:4      | Reached XP level 6. HP: 46/57 MP: 5/5
  3152 | D:4      | Reached skill level 7 in Fighting
  3158 | D:4      | Noticed an ogre
  3167 | D:4      | Killed an ogre
  3167 | D:4      | Reached XP level 7. HP: 34/66 MP: 6/6
  3336 | D:4      | Found a shimmering altar of Xom.
  3336 | D:4      | Found a shattered altar of Ashenzari.
  3337 | D:4      | Found a blossoming altar of Fedhas.
  3450 | D:4      | Found a staircase to the Ecumenical Temple.
  3649 | D:4      | Reached ** piety under Makhleb
  3731 | D:4      | Found an iron altar of Okawaru.
  3899 | D:5      | Entered Level 5 of the Dungeon
  3963 | D:5      | Found an ancient bone altar of Kikubaaqudgha.
  3995 | D:5      | Reached skill level 8 in Fighting
  4048 | D:5      | Reached skill level 5 in Armour
  4048 | D:5      | Reached XP level 8. HP: 50/75 MP: 7/7
  4697 | D:5      | Reached *** piety under Makhleb
  4969 | D:6      | Reached skill level 9 in Fighting
  5471 | D:6      | Found a burning altar of Makhleb.
  5681 | D:7      | Reached XP level 9. HP: 75/85 MP: 8/8
  5769 | D:7      | You fall through a shaft for 2 floors!
  5792 | D:8      | Reached **** piety under Makhleb
  5792 | D:8      | Reached skill level 10 in Fighting
  6443 | D:7      | Reached skill level 10 in Axes
  7158 | D:8      | Noticed Prince Ribbit
  7170 | D:8      | Killed Prince Ribbit
  7170 | D:8      | Reached skill level 11 in Fighting
  7251 | D:8      | Noticed an ice statue
  7345 | D:8      | Reached XP level 10. HP: 90/96 MP: 9/9
  7390 | D:8      | Noticed Erica
  7413 | D:8      | Killed Erica
  7777 | D:8      | Reached ***** piety under Makhleb
  7985 | D:9      | Noticed a hill giant
  7994 | D:9      | Mangled by a hill giant

Action                   |  1- 3 |  4- 6 |  7- 9 | 10-12 || total
-------------------------+-------+-------+-------+-------++-------
Melee: War axe           |    68 |   109 |   369 |    68 ||   614
 Fire: Blowgun           |     3 |     6 |     3 |       ||    12
  Use: Potion            |       |       |     4 |     1 ||     5
       Scroll            |       |       |     4 |       ||     4
  Eat: Chunk             |     2 |     5 |    22 |       ||    29
       Bread ration      |       |       |     1 |       ||     1
